 Dungeon Crawl Stone Soup version 0.29.1-13-g9f3cf754e1 (webtiles) character file.

Game seed: 18016008549625637594

476 cdecastro the Magician (level 6, -2/47 HPs)
             Began as a Mummy Cinder Acolyte on Jan 21, 2023.
             Was a High Priest of Ignis.
             Slain by a hornet (12 damage)
             ... on level 5 of the Dungeon.
             The game lasted 00:09:32 (5266 turns).

cdecastro the Magician (Mummy Cinder Acolyte)       Turns: 5266, Time: 00:09:32

Health: -2/47      AC:  2    Str: 17    XL:     6   Next: 85%
Magic:  2/15       EV: 11    Int: 16    God:    Ignis [*****.]
Gold:   305        SH:  0    Dex:  7    Spells: 15/17 levels left

rFire   . . .      SeeInvis +   a - -1 spear (flame)
rCold   + . .      Faith    .   (no shield)
rNeg    + + +      Spirit   .   b - +0 robe
rPois   ∞          Reflect  .   (no helmet)
rElec   .          Harm     .   (no cloak)
rCorr   .          Rampage  .   (no gloves)
Will    +....                   (no boots)
Stlth   +.........              (no amulet)
HPRegen 0.15/turn               f - ring of willpower
MPRegen 0.14/turn               l - ring of see invisible

@: no status effects
A: cold resistance 1, negative energy resistance 3, torment resistance 2, heat
vulnerability 1, in touch with death 1, no potions
a: Renounce Religion, Fiery Armour, Foxfire Swarm, Rising Flame


You were on level 5 of the Dungeon.
You worshipped Ignis.
Ignis was extremely pleased with you.
You visited 1 branch of the dungeon, and saw 5 of its levels.

You collected 305 gold pieces.

Inventory:

Hand Weapons
 a - a -1 spear of flaming (weapon)
Armour
 b - a +0 robe (worn)
 k - a +4 ring mail
Magical Staves
 p - a staff of death
Jewellery
 f - a ring of willpower (left hand)
 l - a ring of see invisible (right hand)
Wands
 m - a wand of flame (21)
Scrolls
 c - 4 scrolls of amnesia {unknown}
 d - 2 scrolls of enchant armour {unknown}
 e - a scroll of immolation {unknown}
 g - 5 scrolls of identify {unknown}
 h - 2 scrolls of fear {unknown}
 i - 2 scrolls of teleportation {unknown}
 j - 2 scrolls of enchant weapon {unknown}
 n - a scroll of magic mapping {unknown}
 o - a scroll of acquirement {unknown}


   Skills:
 - Level 3.0 Fighting
 - Level 2.4 Polearms
 + Level 6.0 Spellcasting
 - Level 5.0 Fire Magic


You had 15 spell levels left.
You knew the following spells:

 Your Spells              Type           Power      Damage    Failure   Level
a - Scorch                Fire           40%        2d7       2%          2

Your spell library contained the following spells:

 Spells                   Type           Power      Damage    Failure   Level


Dungeon Overview and Level Annotations

Branches:
Dungeon (5/15)             Temple (0/1) D:4

Altars:

Annotations:
D:4 not done


Innate Abilities, Weirdness & Mutations

You are immune to poison.
Your flesh is cold resistant. (rC+)
You are immune to negative energy. (rN+++)
You are immune to unholy pain and torment.
You are vulnerable to heat. (rF-)
You are in touch with the powers of death.
You do not drink.


Message History

Casting: Scorch (safe; 2% risk of failure)
Press: ? - help, Q - select action, (/) - cycle Dir - look around, f - activate Flames lash the hound.
The hound is moderately wounded.
The hound's fire resistance burns away.
The hound bites you. The hound barely misses you.
Casting: Scorch (safe; 2% risk of failure)
Press: ? - help, Q - select action, (/) - cycle Dir - look around, f - activate Flames lash the hornet but do no damage.
The hound bites you but does no damage.
Unknown command.
Casting: Scorch (safe; 2% risk of failure)
Press: ? - help, Q - select action, (/) - cycle Dir - look around, f - activate Flames lash the hound.
The hound is burned terribly!
The hound is almost dead.
The hound bites you. The hound barely misses you.
Unknown command.
You don't have enough magic to cast this spell.
Unknown command.
Unknown command.
You hit the hound. You burn the hound.
You kill the hound!
Your Spellcasting skill increases to level 6!
Unknown command.
You miss the hornet. The hornet stings you.
Unknown command.
You closely miss the hornet. The hornet stings you.
The hornet closely misses you.
Unknown command.
You barely miss the hornet. The hornet closely misses you.
Unknown command.
You hit the hornet but do no damage. The hornet misses you.
The hornet stings you.
Unknown command.
You hit the hornet but do no damage. The hornet stings you!
* * * LOW HITPOINT WARNING * * *
Unknown command.
You closely miss the hornet. Your punch misses the hornet.
The hornet stings you!
You die...

....##..... ...........
##........#....
#.#........#.... ....
#.......... #..#
#....#..#.. # #..#
##..##..##.
...##.###..#####.....##.
.....)y@....#.##........
...#####................
####.##...............
#.....................
/..............#......
#.........##.#......#......
###. .........
####.#####5..... #....
(......####.#..###.......
#.>.#
#..............##...##...


You could see a hornet.

Vanquished Creatures
  An ice beast (D:5)
  A necrophage (D:5)
  A hound (D:5)
  3 iguanas
  11 gnolls
  2 adders (D:3)
  A white imp (D:5)
  5 worms
  2 dart slugs
  5 orcs
  6 ball pythons
  4 endoplasms
  3 giant cockroaches
  7 hobgoblins
  2 jackals (D:1)
  2 quokkas (D:2)
  5 bats
  2 frilled lizards
  2 goblins (D:1)
  5 kobolds
  3 rats (D:1)
73 creatures vanquished.

Vanquished Creatures (others)
  8 fungi (D:2)
8 creatures vanquished.

Grand Total: 81 creatures vanquished

Notes
Turn   | Place    | Note
-------+----------+-------------------------------------------
     0 | D:1      | cdecastro the Mummy Cinder Acolyte began the quest for the
                  | Orb.
     0 | D:1      | Reached XP level 1. HP: 18/18 MP: 2/2
   156 | D:1      | Reached XP level 2. HP: 24/24 MP: 4/4
   159 | D:1      | Learned a level 2 spell: Scorch
   926 | D:1      | Gained mutation: You are in touch with the powers of death.
                  | [Mummy growth]
   926 | D:1      | Reached XP level 3. HP: 22/29 MP: 0/5
  1189 | D:1      | Found a faded altar of an unknown god.
  1637 | D:2      | Reached XP level 4. HP: 12/35 MP: 2/6
  3003 | D:2      | Reached XP level 5. HP: 26/41 MP: 0/7
  3268 | D:3      | Reached skill level 5 in Fire Magic
  3439 | D:2      | Reached skill level 2 in Spellcasting
  3811 | D:3      | Reached skill level 3 in Spellcasting
  4483 | D:4      | Found a staircase to the Ecumenical Temple.
  4712 | D:4      | Noticed a black bear
  4734 | D:5      | Entered Level 5 of the Dungeon
  4863 | D:5      | Reached skill level 4 in Spellcasting
  4863 | D:5      | Reached XP level 6. HP: 35/47 MP: 0/12
  5051 | D:5      | Noticed an ice beast
  5056 | D:5      | Killed an ice beast
  5057 | D:5      | Reached skill level 5 in Spellcasting
  5252 | D:5      | Noticed a hornet
  5261 | D:5      | Reached skill level 6 in Spellcasting
  5266 | D:5      | Slain by a hornet

Illustrated notes

Levels and vault maps discovered:
D:1:      amcnicky_arrival_gap_in_the_tavern_cellar, layout_basic,
          dreamdust_ecumenical_altar_hidden_monk_grotto
D:2:      layout_loops_ring, dreamdust_mushroom_princess, grunt_ministairs_9
D:3:      layout_rooms
D:4:      layout_gridville, minmay_temple_entry_enclosed_plants
D:5:      layout_cave_pools

Skill      XL: |  1  2  3  4  5  6 |
---------------+-------------------+-----
Fire Magic     | 3 4 5 |  5.0
Spellcasting   | 4 6 |  6.0
Fighting       | |  3.0
Polearms       | |  2.4

Action                   |  1- 3 |  4- 6 || total
-------------------------+-------+-------++-------
Melee: Spear             |    68 |    26 ||    94
 Cast: Scorch            |    17 |    83 ||   100
Armor: Robe              |     6 |     9 ||    15
Dodge: Dodged            |    18 |    33 ||    51
